 Dungeon Crawl Stone Soup version 0.29.1-1-gd02db6906a (webtiles) character file.

Game seed: 8595931099843680782

6088 hawla the Arsonist (level 11, -5/78 HPs)
             Began as a Meteoran Fire Elementalist on Oct 10, 2022.
             Slain by a gnoll sergeant
             ... wielding a +0 halberd
              (15 damage)
             ... in a bailey.
             The game lasted 00:22:13 (5118 turns).

hawla the Arsonist (Meteoran Fire Elementalist)     Turns: 5118, Time: 00:22:13

Health: -5/78      AC:  7    Str:  9    XL:     11   Next: 33%
Magic:  9/27       EV: 14    Int: 22    God:
Gold:   129        SH:  0    Dex: 15    Spells: 26/33 levels left

rFire   + . .      SeeInvis +   q - +6 short sword of Beomy {drain, rF+ rC+}
rCold   + . .      Faith    .   (no shield)
rNeg    . . .      Spirit   .   a - +1 robe
rPois   +          Reflect  .   g - +0 helmet
rElec   .          Harm     .   r - +2 cloak
rCorr   .          Rampage  .   (no gloves)
Will    +....                   (no boots)
Stlth   +.........              (no amulet)
HPRegen 0.23/turn               i - ring of see invisible
MPRegen 0.20/turn               h - ring of poison resistance

@: weakened, glowing
A: sense surroundings 2, otherworldly, glowing, explore regen
a: no special abilities


You were in a bailey.
You visited 2 branches of the dungeon, and saw 10 of its levels.
You also visited: Bailey.

You collected 619 gold pieces.
You spent 490 gold pieces at shops.

Inventory:

Hand Weapons
 q - the +6 short sword of Beomy (weapon) {drain, rF+ rC+}
   (You bought it in a shop on level 2 of the Dungeon)

   A truly terrible weapon, it drains the life of any living foe it strikes.
   rF:        It protects you from fire.
   rC:        It protects you from cold.
Missiles
 o - 4 poisoned darts
Armour
 a - a +1 robe (worn)
 g - a +0 helmet (worn)
 r - a +2 cloak (worn)
Magical Staves
 m - a staff of death
Jewellery
 h - a ring of poison resistance (right hand)
 i - a ring of see invisible (left hand)
 p - a ring of protection from fire
 t - a +4 ring of slaying
 E - a ring of resist corrosion
Wands
 u - a wand of flame (22)
 D - a wand of quicksilver (15)
Scrolls
 d - 2 scrolls of magic mapping
 j - 2 scrolls of butterflies
 l - 3 scrolls of fear
 v - 2 scrolls of enchant armour
 B - a scroll of blinking
Potions
 b - a potion of magic
 c - 2 potions of attraction
 e - 2 potions of cancellation {unknown}
 f - a potion of haste
 n - a potion of brilliance
 s - a potion of flight
 x - a potion of resistance {unknown}
 z - a potion of mutation {unknown}
 A - a potion of heal wounds {unknown}


   Skills:
 + Level 1.5 Fighting
 + Level 2.6 Short Blades
 + Level 4.9 Dodging
 - Level 1.4 Stealth
 + Level 11.6 Spellcasting
 + Level 11.7 Conjurations
 + Level 1.5 Necromancy
 + Level 12.2 Fire Magic
 + Level 1.5 Evocations


You had 26 spell levels left.
You knew the following spells:

 Your Spells              Type           Power      Damage    Failure   Level
a - Foxfire               Conj/Fire      100%       2x1d9     1%          1
b - Scorch                Fire           100%       2d10      1%          2
c - Flame Wave            Conj/Fire      60%        2d14      1%          4

Your spell library contained the following spells:

 Spells                   Type           Power      Damage    Failure   Level
 Conjure Flame            Conj/Fire      60%        6-21      1%          3
 Inner Flame              Hex/Fire       39%        N/A       1%          3
 Sticky Flame             Conj/Fire      60%        2d8       1%          4
 Ignite Poison            Fire/Tmut/Pois 30%        N/A       3%          3
 Beastly Appendage        Tmut           24%        N/A       5%          1
 Wereblood                Tmut           12%        N/A       8%          2
 Gell's Gravitas          Tloc           12%        N/A       16%         3
 Lesser Beckoning         Tloc           12%        N/A       16%         3
 Portal Projectile        Hex/Tloc       24%        N/A       16%         3
 Spider Form              Tmut/Pois      12%        N/A       16%         3
 Teleport Other           Tloc           12%        N/A       16%         3
 Tukima's Dance           Hex            12%        N/A       16%         3
 Blade Hands              Tmut           6%         N/A       82%         5


Dungeon Overview and Level Annotations

Branches:
Dungeon (9/15) Zot: 402    Temple (1/1) D:7 Zot: 556     Orc (0/2) D:9
 Bailey (1/1) Zot: 507
   Lair: D:8-11

Altars:
Ashenzari
Cheibriados
Elyvilon
Fedhas
Gozag
Hepliaklqana
Makhleb
Nemelex Xobeh
Qazlal
Ru
Sif Muna
Trog
Uskayaw
Vehumet
Wu Jian
Xom
Yredelemnul
Zin

Shops:
D:1 !   D:2 (   D:8 :?=*!   D:9 [


Innate Abilities, Weirdness & Mutations

You passively map the area around you.
You are easily found by Zot.
You glow in the dark.
You regain HP and MP as you explore.


Message History

The flame wave engulfs the gnoll bouda.
The gnoll bouda is moderately wounded.
You finish channelling waves of flame.
The wolf bites you!
A wolf comes into view.
The gnoll sergeant barely misses you.
A gnoll bouda comes into view. It is wielding a +0 spear.
Casting: Flame Wave (safe; 1% risk of failure)
Confirm with . or Enter, or press ? or * to list all spells.
Casting: Flame Wave (safe; 1% risk of failure)
Press: ? - help, Dir - look around, f - activate A wave of flame ripples out!
The flame wave engulfs the wolf.
The wolf is severely wounded. (Press . to intensify the flame waves.)
Your attacks no longer feel as feeble.
You hear a shout!
The wolf bites you. The gnoll sergeant barely misses you. The wolf bites you!
The gnoll bouda hits you from afar with a +0 spear.
The gnoll bouda barks out a call to the hunt!
You hear a howl!
A wave of flame ripples out!
The flame wave engulfs the wolf!
You kill the wolf!
The flame wave engulfs the gnoll sergeant but does no damage.
The gnoll sergeant is heavily wounded.
The flame wave engulfs the gnoll bouda.
The gnoll bouda is lightly wounded.
The gnoll sergeant hits you from afar with a +0 halberd!
* * * LOW HITPOINT WARNING * * *
The gnoll bouda gazes fiercely through you!
You feel your attacks grow feeble.
The gnoll bouda hits you from afar with a +0 spear.
* * * LOW HITPOINT WARNING * * *
A wolf comes into view.
The wolf howls!
The gnoll bouda gazes fiercely through you!
You feel as though you will be weak longer.
You close the door.
A gnoll sergeant breaks down the door.
The gnoll bouda barely misses you.
A wolf comes into view.
The gnoll sergeant hits you from afar with a +0 halberd!
You die...

♣≈*, ,,#...#,
, ≈♣ ♣≈ ##'##
~ ♣≈ ,,
##.).## ,, *
♣≈ ##..)).##
, ♣≈ ,,
#.......# ,,
#...8...# * *
* ,,
#.......# ,
##.....## ~ *
, ##.@.## , *
,##'## , * ,
#g)g#, *~ ,
)h.)hh., ,
*..g#...#...
* ~,
#####...#####
~ , ..... , ,
....., *
~~≈≈≈≈≈≈≈


You could see a gnoll sergeant (swift), 3 wolves and 2 gnoll boudas.

Vanquished Creatures
  6 yaks (D:9)
  3 water moccasins
  4 ice beasts
  4 orc warriors
  A black bear (D:4)
  2 sky beasts (D:7)
  An ogre (D:4)
  3 wolves (Bailey)
  A centaur (D:5)
  A phantom (D:5)
  4 gnoll sergeants
  A bullfrog (D:8)
  A necrophage (D:4)
  5 scorpions
  8 wights (D:8)
  3 killer bees (D:9)
  5 howler monkeys
  3 hounds
  5 jellies
  4 orc priests
  3 gnoll boudas (Bailey)
  2 iguanas (D:5)
  4 orc wizards
  16 gnolls
  7 adders
  A white imp (D:7)
  An ufetubus (D:5)
  2 dart slugs (D:1)
  27 orcs
  7 ball pythons
  4 bats
  2 endoplasms
  7 giant cockroaches
  4 goblins
  10 hobgoblins
  6 jackals
  3 quokkas
  A frilled lizard (D:3)
  6 kobolds
  4 rats
182 creatures vanquished.

Vanquished Creatures (others)
  223 foxfires
223 creatures vanquished.

Grand Total: 405 creatures vanquished

Notes
Turn   | Place    | Note
-------+----------+-------------------------------------------
     0 | D:1      | hawla the Meteoran Fire Elementalist began the quest for
                  | the Orb.
     0 | D:1      | Reached XP level 1. HP: 14/14 MP: 5/5
    69 | D:1      | Reached skill level 4 in Fire Magic
    69 | D:1      | Reached XP level 2. HP: 16/20 MP: 2/6
    71 | D:1      | Found Hauch's Distillery.
    93 | D:1      | Found a faded altar of an unknown god.
   312 | D:1      | Reached XP level 3. HP: 21/26 MP: 2/8
   498 | D:1      | Glimpsed the power of Zot.
   548 | D:1      | Glimpsed the power of Zot.
   659 | D:2      | Learned a level 2 spell: Scorch
   766 | D:2      | Reached XP level 4. HP: 33/33 MP: 5/10
   853 | D:2      | Found Xozatre's Antique Weapon Shop.
  1098 | D:2      | Glimpsed the power of Zot.
  1271 | D:3      | Found a blossoming altar of Fedhas.
  1393 | D:3      | Reached XP level 5. HP: 36/38 MP: 5/11
  1698 | D:3      | Glimpsed the power of Zot.
  1748 | D:3      | Glimpsed the power of Zot.
  1775 | D:4      | Noticed a necrophage
  1786 | D:4      | Killed a necrophage
  1787 | D:4      | Reached skill level 5 in Fire Magic
  1787 | D:4      | Reached XP level 6. HP: 23/45 MP: 0/13
  1829 | D:2      | Bought a slimy short sword for 160 gold pieces
  1829 | D:2      | Identified the +6 short sword of Beomy {drain, rF+ rC+}
                  | (You bought it in a shop on level 2 of the Dungeon)
  1878 | D:4      | Noticed a black bear
  1886 | D:4      | Killed a black bear
  1887 | D:4      | Reached skill level 5 in Spellcasting
  1892 | D:4      | Learned a level 4 spell: Flame Wave
  1951 | D:4      | Noticed an ogre
  1953 | D:4      | Reached XP level 7. HP: 51/51 MP: 9/15
  1963 | D:4      | Reached skill level 6 in Fire Magic
  2037 | D:4      | Found a stormy altar of Qazlal.
  2295 | D:4      | Glimpsed the power of Zot.
  2345 | D:4      | Glimpsed the power of Zot.
  2378 | D:5      | Entered Level 5 of the Dungeon
  2413 | D:5      | Reached skill level 7 in Fire Magic
  2433 | D:5      | Reached XP level 8. HP: 32/58 MP: 0/17
  2442 | D:5      | Found a shimmering blue altar of Sif Muna.
  2512 | D:5      | Reached skill level 1 in Fighting
  2638 | D:5      | Reached skill level 8 in Fire Magic
  2763 | D:5      | Reached skill level 1 in Short Blades
  2894 | D:5      | Glimpsed the power of Zot.
  2938 | D:6      | Reached skill level 11 in Fire Magic
  2938 | D:6      | Gained mutation: You passively map the area around you.
                  | [Meteoran growth]
  2938 | D:6      | Reached XP level 9. HP: 64/64 MP: 18/23
  3095 | D:6      | Reached skill level 1 in Evocations
  3179 | D:6      | Reached skill level 1 in Necromancy
  3199 | D:6      | Reached XP level 10. HP: 71/71 MP: 19/24
  3494 | D:6      | Glimpsed the power of Zot.
  3709 | D:7      | Reached skill level 10 in Spellcasting
  3814 | D:7      | Found a staircase to the Ecumenical Temple.
  3826 | Temple   | Entered the Ecumenical Temple
  4137 | D:7      | Glimpsed the power of Zot.
  4279 | D:8      | Found Poron's Book Shop.
  4489 | D:8      | Found Zaarad's Magic Scroll Shop.
  4492 | D:8      | Bought a scroll of fear for 48 gold pieces
  4492 | D:8      | Bought a scroll of teleportation for 36 gold pieces
  4492 | D:8      | Bought a scroll of blinking for 90 gold pieces
  4492 | D:8      | Bought a scroll of identify for 24 gold pieces
  4492 | D:8      | Bought a scroll of teleportation for 36 gold pieces
  4492 | D:8      | Bought a scroll of identify for 24 gold pieces
  4492 | D:8      | Bought a scroll of fear for 48 gold pieces
  4492 | D:8      | Bought a scroll of identify for 24 gold pieces
  4551 | D:8      | Found Dugrin's Jewellery Shop.
  4587 | D:8      | Found Ureomaun's General Store.
  4604 | D:8      | Found Ettemaett's Distillery.
  4737 | D:8      | Glimpsed the power of Zot.
  4814 | D:9      | Found a broken altar of Ashenzari.
  4820 | D:9      | Found Inucafir's Armour Shop.
  4837 | D:9      | Noticed a two-headed ogre
  4840 | D:9      | Reached XP level 11. HP: 69/77 MP: 8/27
  4900 | D:9      | Found a burning altar of Makhleb.
  4900 | D:9      | Found a faded altar of an unknown god.
  5011 | D:9      | Reached skill level 12 in Fire Magic
  5017 | D:9      | Found a flagged portal.
  5026 | Bailey   | Entered a bailey
  5118 | Bailey   | Slain by a gnoll sergeant

Illustrated notes

Levels and vault maps discovered:
D:1:      moated_graveyard_arrival, layout_loops_ring,
          chequers_ecumenical_altar_island, serial_shops, nicolae_shop_stone,
          chequers_serial_rivers_micro_c
D:2:      layout_basic, serial_shops, nicolae_square_shop,
          grunt_decor_resistance
D:3:      layout_loops_ring, lemuel_crystal_altar, kennysheep_big_empty_room,
          st_stairs_8, grunt_decor_cap
D:4:      layout_basic, mainiacjoe_overflow_24_doors, grunt_qazlal_clouds,
          uniq_menkaure
D:5:      layout_layer_cave, led_sif_book, minivault_25, palyth_stone_intersect
D:6:      minmay_klotski, layout_basic
D:7:      minmay_bubble_buster, layout_gridville, minmay_temple_entry_grid
D:8:      layout_basic, serial_shops, nicolae_stop_n_shop_1,
          nicolae_shop_temple_entry_statues_fountains, nicolae_diamond_shop,
          kennysheep_mini, shop_fountains
D:9:      layout_irregular_city, ashenzari_conservatory_becter,
          chequers_temple_overflow_minitemple, orc_0_dummy, serial_shops, shop,
          enter_bailey_6
Temple:   nicolae_temple_ecumenical_triangle
Bailey:   bailey_polearm_gnolls_kennysheep, bailey

Skill      XL: |  1  2  3  4  5  6  7  8  9 10 11 |
---------------+----------------------------------+-----
Fire Magic     | 4 5 7 11 12 | 12.2
Spellcasting   | 3 4 5 9 11 | 11.6
Conjurations   | 2 3 4 11 | 11.7
Dodging        | 3 4 |  4.9
Fighting       | 1 |  1.5
Short Blades   | 1 2 |  2.6
Evocations     | 1 |  1.5
Necromancy     | 1 |  1.5
Stealth        | |  1.4

Action                   |  1- 3 |  4- 6 |  7- 9 | 10-12 || total
-------------------------+-------+-------+-------+-------++-------
Melee: Unarmed           |    14 |     3 |       |       ||    17
       Short sword       |       |     2 |    42 |    16 ||    60
       Punch             |       |       |       |     2 ||     2
 Cast: Foxfire           |    34 |    41 |    15 |    42 ||   132
       Scorch            |     3 |    21 |    25 |    28 ||    77
       Flame Wave        |       |     1 |     7 |    21 ||    29
  Use: Scroll            |     2 |     2 |     7 |     7 ||    18
       Potion            |       |       |     2 |     1 ||     3
Armor: Robe              |     5 |     4 |    34 |    24 ||    67
Dodge: Dodged            |    29 |    13 |    56 |    69 ||   167
